 Dungeon Crawl Stone Soup version 0.27.1-34-g3ba077fa99 (webtiles) character file.

Game seed: 14991005298046060096

1327 chmiii the Cudgeller (level 8, -2/77 (80) HPs)
             Began as a Troll Hunter on Jan 30, 2022.
             Slain by a wraith (6 damage)
             ... in an ossuary.
             The game lasted 00:21:56 (5524 turns).

chmiii the Cudgeller (Troll Hunter)                 Turns: 5524, Time: 00:21:57

HP:   -2/77 (80)    AC:  4    Str: 25    XL:     8   Next: 34%
MP:   7/7           EV: 10    Int:  7    God:
Gold: 161           SH:  5    Dex: 12    Spells: 7/7 levels left

rFire    . . .     SeeInvis +   (no weapon)
rCold    + . .     Faith    .   (no shield)
rNeg     . . .     Spirit   .   b - +0 robe
rPois    .         Reflect  +   (helmet restricted)
rElec    .         Harm     .   (no cloak)
rCorr    .         Rampage  .   (gloves unavailable)
Will     .....                  (boots unavailable)
Stlth    +.........             i - amulet of reflection
HPRegen  1.22/turn              w - ring "Laggoref" {rC+ Str+4 SInv}
MPRegen  0.10/turn              (no ring)

@: slowed, lightly drained, very slow
A: large, unfitting armour, claws 3, regeneration 1, shaggy fur 1, tough skin 1
a: no special abilities


You were in an ossuary.
You visited 2 branches of the dungeon, and saw 7 of its levels.
You also visited: Ossuary.

You collected 161 gold pieces.

Inventory:

Hand Weapons
 A - a +5 battleaxe
Missiles
 d - 4 large rocks (quivered)
Armour
 b - a +0 robe (worn)
Jewellery
 g - a ring of fire
 i - an amulet of reflection (around neck)
 w - the ring "Laggoref" (left claw) {rC+ Str+4 SInv}
   (You found it on level 6 of the Dungeon)

   [ring of protection from cold]

   Str:       It affects your strength (+4).
   rC:        It protects you from cold.
   SInv:      It lets you see invisible.
Wands
 y - a wand of iceblast (8)
Scrolls
 a - 2 scrolls of enchant weapon
 e - a scroll of silence {unknown}
 k - 2 scrolls of amnesia {unknown}
 o - a scroll of fog {unknown}
 p - a scroll of blinking {unknown}
 q - 2 scrolls of immolation
 r - 2 scrolls of teleportation
 s - a scroll of vulnerability {unknown}
 u - a scroll of summoning {unknown}
 v - a scroll of noise {unknown}
 B - a scroll of torment {unknown}
Potions
 c - 2 potions of degeneration {unknown}
 f - 2 potions of curing
 h - a potion of flight
 j - a potion of cancellation
 l - 2 potions of haste {unknown}
 n - 3 potions of attraction
 t - 2 potions of might {unknown}
 x - 2 potions of brilliance {unknown}
 z - 2 potions of berserk rage {unknown}


   Skills:
 + Level 5.1 Fighting
 * Level 7.5 Maces & Flails
 - Level 3.6 Throwing
 - Level 1.5 Dodging
 - Level 0.3 Stealth


You had 7 spell levels left.
You didn't know any spells.
Your spell library contained the following spells:

 Spells                   Type           Power      Damage    Failure   Level
 Animate Skeleton         Necr           0%         N/A       43%         1
 Apportation              Tloc           0%         N/A       43%         1
 Corona                   Hex            0%         N/A       43%         1
 Summon Small Mammal      Summ           0%         N/A       43%         1


Dungeon Overview and Level Annotations

Branches:
Dungeon (6/15)             Temple (1/1) D:4         Ossuary (1/1)

Altars:
Ashenzari
Elyvilon
Kikubaaqudgha
Makhleb
Okawaru
Qazlal
Ru
Sif Muna
Trog
Uskayaw
Xom
Yredelemnul
Zin

Shops:
D:6 [

Annotations:
D:3 exclusion: 2 downstairs
D:4 Eustachio
D:6 2 runed translucent doors


Innate Abilities, Weirdness & Mutations

You are too large for most types of armour.
You have claws for hands.
Your natural rate of healing is unusually fast.
You are covered in fur. (AC +1)
You have tough skin. (AC +1)


Message History

The wraith hits you. The wraith drains your vigour!
You feel as though you will be slow longer.
You see here a throwing net.
The wraith hits you.
The flying skull gives a hideous shriek!
The wraith barely misses you.
There is an open door, spattered with blood here.
The wraith hits you! The wraith closely misses you.
The flying skull gives a hideous shriek!
The wraith hits you. The wraith drains your vigour!
You feel as though you will be slow longer.
The wraith hits you! The wraith hits you!
You see here a +0 robe.
You block the wraith's attack.
There is an open door, spattered with blood here.
The wraith misses you. The wraith hits you! The wraith hits you!
The wraith hits you!
* * * LOW HITPOINT WARNING * * *
The wraith drains your vigour!
You feel as though you will be slow longer.
The wraith hits you!
* * * LOW HITPOINT WARNING * * *
The wraith drains your vigour!
You feel as though you will be slow longer.
There is an open door here.
You block the wraith's attack. The wraith hits you!
* * * LOW HITPOINT WARNING * * *
The wraith drains your vigour!
You feel as though you will be slow longer.
The wraith hits you!
* * * LOW HITPOINT WARNING * * *
The wraith hits you!
* * * LOW HITPOINT WARNING * * *
The wraith hits you.
You die...

....# #z# #(..............#
8.8.#####▓###.###.......###.#
......'.....'.#z#.......# #.#
8.8.#####▓###.###.......###.#
....# #W# #...............#
##### ### #.###..###..###.#
#(#.#..#z#..#.#.#
#.)##..###..##'.#
#...@W..........#
#################


You could see a wraith.

Vanquished Creatures
  A wraith (Ossuary)
  3 ogres
  2 phantoms
  Blork the orc (D:4)
  A scorpion (D:6)
  2 wights (Ossuary)
  A centaur zombie (D:6)
  2 hounds (D:5)
  3 jellies
  An orc priest (D:4)
  An iguana (D:6)
  2 centaur skeletons
  2 orc wizards
  A mummy (D:6)
  A howler monkey zombie (D:6)
  A gnoll (D:1)
  8 adders
  2 white imps (D:5)
  An adder zombie (Ossuary)
  3 worms (D:2)
  6 dart slugs
  7 orcs
  5 ball pythons
  7 bats
  11 endoplasms
  9 goblins
  7 hobgoblins
  9 jackals
  4 quokkas
  A ball python skeleton (Ossuary)
  A frilled lizard (D:3)
  3 hobgoblin skeletons (Ossuary)
  2 hobgoblin zombies (Ossuary)
  3 kobolds
  A kobold zombie (Ossuary)
  An orc skeleton (Ossuary)
  5 rats
121 creatures vanquished.

Vanquished Creatures (others)
  3 plants (D:6)
3 creatures vanquished.

Grand Total: 124 creatures vanquished

Notes
Turn   | Place    | Note
-------+----------+-------------------------------------------
     0 | D:1      | chmiii the Troll Hunter began the quest for the Orb.
     0 | D:1      | Reached XP level 1. HP: 19/19 MP: 0/0
    88 | D:1      | Reached skill level 1 in Maces & Flails
   106 | D:1      | Reached XP level 2. HP: 28/28 MP: 1/1
   229 | D:1      | Reached skill level 2 in Maces & Flails
   229 | D:1      | Reached XP level 3. HP: 30/35 MP: 2/2
   302 | D:1      | Found a faded altar of an unknown god.
   992 | D:2      | Reached XP level 4. HP: 44/44 MP: 3/3
  1196 | D:2      | Reached skill level 3 in Maces & Flails
  1706 | D:3      | Reached XP level 5. HP: 51/52 MP: 4/4
  1887 | D:3      | Found a white marble altar of Elyvilon.
  2311 | D:4      | Noticed an ogre
  2452 | D:4      | Reached skill level 4 in Maces & Flails
  2518 | D:4      | Noticed a phantom
  2538 | D:4      | Killed a phantom
  2539 | D:4      | Reached XP level 6. HP: 46/61 MP: 5/5
  2666 | D:4      | Noticed Blork the orc
  2674 | D:4      | Killed Blork the orc
  2726 | D:4      | Noticed Eustachio
  2860 | D:4      | Reached skill level 5 in Maces & Flails
  3116 | D:4      | Found a staircase to the Ecumenical Temple.
  3125 | Temple   | Entered the Ecumenical Temple
  3558 | D:4      | Reached XP level 7. HP: 68/68 MP: 6/6
  3760 | D:5      | Entered Level 5 of the Dungeon
  3884 | D:5      | Reached skill level 6 in Maces & Flails
  4673 | D:6      | Found a large runed translucent door.
  4679 | D:6      | Found a large runed translucent door.
  4739 | D:6      | Reached XP level 8. HP: 79/79 MP: 7/7
  4765 | D:6      | Identified the ring "Laggoref" {rC+ Str+4 SInv}
  4836 | D:6      | Reached skill level 7 in Maces & Flails
  4850 | D:6      | Found Zekhuep's Antique Armour Shop.
  4861 | D:6      | Found a sand-covered staircase.
  4871 | Ossuary  | Entered an ossuary
  4976 | Ossuary  | Noticed a flying skull
  5020 | Ossuary  | Noticed a flying skull
  5035 | Ossuary  | Noticed a flying skull
  5059 | Ossuary  | Noticed a flying skull
  5134 | Ossuary  | Reached skill level 5 in Fighting
  5522 | Ossuary  | HP: 1/77 [wraith (12)]
  5524 | Ossuary  | Slain by a wraith

Illustrated notes

Levels and vault maps discovered:
D:1:      dpeg_arrival_three_bigger_balls, layout_loops_ring,
          ebering_ecumenical_altar_mist
D:2:      layout_basic
D:3:      layout_loops_ring, lemuel_round_altar, kennysheep_pointless_box
D:4:      layout_gridville, minmay_temple_entry_wispy, uniq_eustachio,
          uniq_blork_the_orc
D:5:      layout_cave_pods, minivault_19
D:6:      layout_cave_pods, jmf_multi_god_temple2, serial_shops,
          nicolae_shop_overgrown_old_shop, gup_ossuary_entry_pyramid,
          sigmund_army
Temple:   hc_temple_tempest_star
Ossuary:  ossuary_due_cavern

Skill      XL: |  1  2  3  4  5  6  7  8 |
---------------+-------------------------+-----
Maces & Flails | 1 2 3 4 5 6 7 |  7.5
Fighting       | 2 3 4 5 |  5.1
Throwing       | |  3.6
Dodging        | |  1.5
Stealth        | |  0.3

Action                   |  1- 3 |  4- 6 |  7- 9 || total
-------------------------+-------+-------+-------++-------
Melee: Short sword       |    25 |       |       ||    25
       Unarmed           |    95 |   241 |   179 ||   515
Throw: Large rock        |       |    12 |     9 ||    21
       Throwing net      |       |     5 |     3 ||     8
Evoke: Wand              |       |     2 |       ||     2
  Use: Scroll            |       |     4 |     3 ||     7
 Stab: Sleeping          |     4 |     4 |     1 ||     9
       Held in net/web   |       |       |     1 ||     1
Armor: Robe              |    46 |   124 |    57 ||   227
Dodge: Dodged            |    47 |   238 |   114 ||   399
Block: Other             |       |    49 |    57 ||   106
